Map: Chantier naval orbital

Players

AgCl

  • Race: Protoss Protoss

JAB - Winner!

  • Race: Zerg Zerg

VOD

Have the link to the VOD?

Description

Time

  • Played on: May 15, 2015, 8:57 p.m.
  • Length: 8:05
Show
View Real Time Build Order
Export as new Build Order

AgCl Protoss 

Build Orders:  

Get SALT Encoding   

  12  0:16  Pylon  
  12  0:19  Probe  
  13  0:31  Probe  
  13  0:35  Gateway  
  14  0:43  Probe  
  15  0:53  Assimilator  
  15  0:55  Probe  
  16  1:08  Probe  
  17  1:20  Probe  
  18  1:28  Cybernetics Core  
  18  1:32  Probe (Chrono Boost)  
  19  1:42  Assimilator  
  19  1:44  Probe (Chrono Boost)  
  20  1:52  Probe (Chrono Boost)  
  21  1:54  Pylon  
  21  2:01  Probe  
  22  2:06  Warp Gate (Chrono Boost)  
  22  2:12  Adept  
  24  2:20  Gateway  
  24  2:21  Gateway  
  24  2:22  Gateway  
  24  2:24  Probe (Chrono Boost)  
  25  2:35  Probe (Chrono Boost)  
  26  2:39  Adept  
  26  2:41  Probe (Chrono Boost)  
  29  2:53  Probe  
  29  3:05  Probe  
  29  3:10  Pylon  
  30  3:15  Pylon  
  30  3:19  Pylon  
  30  3:27  Probe  
  30  3:36  Robotics Facility  
  30  3:41  Nexus  
  30  3:52  Stalker x2  
  30  3:53  Stalker  
  34  4:14  Stargate  
  32  4:18  Pylon  
  32  4:40  Nexus  
  32  4:42  Warp Prism (Chrono Boost)  
  32  4:44  Probe (Chrono Boost)  
  35  4:54  Probe (Chrono Boost)  
  35  4:57  Probe (Chrono Boost)  
  37  5:01  Probe (Chrono Boost), Oracle (Chrono Boost)  
  42  5:12  Probe x2 (Chrono Boost)  
  43  5:16  Observer  
  45  5:22  Probe (Chrono Boost)  
  45  5:23  Probe (Chrono Boost), Forge  
  46  5:32  Probe (Chrono Boost)  
  46  5:33  Probe (Chrono Boost)  
  48  5:39  Zealot  
  44  5:50  Pylon  
  44  5:51  Adept  
  44  5:52  Adept x2  
  49  6:07  Adept  
  51  6:11  Oracle  
  51  6:13  Adept x2  
  51  6:14  Adept  
  60  6:38  Pylon  
  60  6:42  Pylon  
  60  6:46  Probe x2  
  54  6:48  Assimilator  
  54  6:51  Assimilator  
  54  6:59  Nexus  
  51  7:17  Probe  
  51  7:20  Pylon  
  51  7:21  Pylon  
  52  7:23  Gateway  
  52  7:24  Gateway, Adept x3  
  52  7:25  Adept  
  52  7:28  Gateway  
  60  7:40  Pylon  
  44  7:55  Adept x4  
Show
View Real Time Build Order
Export as new Build Order

JAB Zerg - Winner!

Build Orders: Hatch First 

Get SALT Encoding   

  12  0:01  Drone  
  13  0:13  Overlord  
  13  0:17  Drone  
  14  0:32  Drone x2  
  14  0:35  Drone  
  17  0:46  Drone  
  18  0:59  Drone  
  19  1:07  Drone  
  20  1:15  Hatchery  
  20  1:18  Spawning Pool  
  18  1:22  Drone  
  19  1:32  Drone  
  20  1:35  Extractor  
  20  1:39  Drone  
  20  1:50  Drone  
  21  2:05  Spine Crawler, Queen  
  22  2:27  Queen  
  22  2:28  Zergling x2  
  22  2:29  Zergling x6  
  28  2:36  Metabolic Boost  
  28  2:40  Overlord  
  28  2:58  Queen  
  30  3:00  Drone x4  
  30  3:03  Overlord  
  34  3:05  Queen  
  36  3:21  Drone x2  
  36  3:22  Drone x4  
  36  3:25  Overlord  
  42  3:32  Overlord  
  42  3:33  Drone  
  43  3:46  Roach Warren, Spine Crawler  
  41  3:55  Spine Crawler  
  41  3:56  Drone x4  
  44  4:11  Zergling x12  
  49  4:32  Lair  
  49  4:33  Overlord  
  49  4:34  Overlord  
  49  4:35  Zergling x6  
  49  4:36  Overlord  
  52  4:51  Drone x3  
  55  4:53  Overlord  
  55  4:58  Zergling x18  
  63  5:18  Hatchery  
  62  5:23  Drone x4  
  66  5:28  Drone  
  66  5:29  Drone x8  
  66  5:32  Extractor  
  66  5:35  Extractor  
  73  5:37  Hydralisk Den  
  60  6:20  Hydralisk  
  60  6:21  Hydralisk x9  
  72  6:36  Hydralisk  
  72  6:37  Hydralisk  
  71  6:52  Drone  
  71  6:53  Drone x6  
  78  6:56  Drone x3  
  78  6:57  Drone  
  78  7:00  Drone x3  
  85  7:14  Extractor  
  84  7:19  Drone  
  84  7:20  Drone x4  
  88  7:53  Drone x2  
Tags
 
Add a new tag
Caveats
  • Supply blocks, unpowered buildings, or Contaminate may cause inaccurate times.
  • Supply counts are checked every 10 seconds.